| TOP OF THE 1ST |
|
Bowie Baysox batting - Pitching for New Hampshire Fisher Cats : RHP Ben Knapp
|
|
Pitching: RHP Ben Knapp
|
|
|
Batting: LHB Andrew Erens
|
0-0: Called Strike 0-1: Ball 1-1: Ground out 6-3 (Groundball, 6, EV 101.2 MPH)
|
|
Batting: LHB James Betron
|
0-0: SINGLE (Groundball, 4M, EV 105.6 MPH) (infield hit)
|
|
Batting: RHB Vince Jackson
|
0-0: Foul Ball, location: 2F 0-1: Ball 1-1: Foul Ball, location: 2F 1-2: Ball 2-2: Foul Ball, location: 2F 2-2: Foul Ball, location: 2F 2-2: Fly out, F8 (Flyball, 8LM, EV 73.1 MPH)
|
|
Batting: LHB Raul Rojas
|
0-0: Ball 1-0: Foul Ball, location: 2F 1-1: Foul Ball, location: 2F 1-2: Ball 2-2: SINGLE (Groundball, 56D, EV 96.2 MPH) James Betron to second Runner from 2nd tries for 3rd, SAFE, throw by LF made to third
|
|
Batting: RHB Edwin Ramos
|
0-0: DOUBLE (Flyball, 8LXD, EV 100.6 MPH) James Betron scores Raul Rojas to third Runner from 3rd tries for Home, SAFE, throw by CF to trailing runner, SAFE at third!
|
|
Batting: RHB Jordan Wallace
|
0-0: Ball 1-0: Foul Ball, location: 2F 1-1: Ground out 5-3 (Groundball, 15, EV 80.0 MPH)
|
| Top of the 1st over - 2 runs, 3 hits, 0 errors, 1 left on base; Bowie 2 - New Hampshire 0 |
| BOTTOM OF THE 1ST |
|
New Hampshire Fisher Cats batting - Pitching for Bowie Baysox : RHP Chris Anderson
|
|
Pitching: RHP Chris Anderson
|
|
|
Batting: LHB Yoshinari Nara
|
0-0: Ball 1-0: Foul Ball, location: 2F 1-1: Ball 2-1: Swinging Strike 2-2: Ball 3-2: Base on Balls
|
|
Batting: RHB Scott Travis
|
0-0: Ball Yoshinari Nara steals 2nd base (no throw) 1-0: SINGLE (Flyball, 34D, EV 95.0 MPH) Yoshinari Nara to third
|
|
Batting: LHB Chaim Huting
|
0-0: Called Strike Scott Travis steals 2nd base (no throw) 0-1: Ball 1-1: Ball 2-1: SINGLE (Groundball, 6D, EV 97.5 MPH) Yoshinari Nara scores Scott Travis to third
|
|
Batting: SHB Jack Andrews
|
0-0: Ball Chaim Huting is caught stealing 2nd base 2-6 1-0: Foul Ball, location: 2F 1-1: Foul Ball, location: 2F 1-2: Fly out, F7 (Line Drive, 78M, EV 95.6 MPH)
|
|
Batting: LHB Rodrigo Briceno
|
0-0: Ball 1-0: Ball 2-0: Ball 3-0: SINGLE (Groundball, 56D, EV 97.5 MPH) Scott Travis scores
|
|
Batting: LHB Tso-lin Fen
|
0-0: Ball 1-0: Ball 2-0: Ground out U3 (Groundball, 3L, EV 101.9 MPH)
|
| Bottom of the 1st over - 2 runs, 3 hits, 0 errors, 1 left on base; Bowie 2 - New Hampshire 2 |
| TOP OF THE 2ND |
|
Bowie Baysox batting - Pitching for New Hampshire Fisher Cats : RHP Ben Knapp
|
|
Batting: LHB Jose Fierro
|
0-0: Ball 1-0: Foul Ball, location: 2F 1-1: Called Strike 1-2: Fly out, F8 (Flyball, 8RD, EV 90.6 MPH)
|
|
Batting: RHB Travis Carter
|
0-0: Swinging Strike 0-1: Foul Ball, location: 2F 0-2: Ball 1-2: Strikes out swinging
|
|
Batting: SHB Hugo Moreno
|
0-0: Ball 1-0: Ball 2-0: Ball 3-0: Base on Balls
|
|
Batting: LHB Andrew Erens
|
0-0: Foul Ball, location: 2F 0-1: Ball 1-1: Ball 2-1: Fly out, F3 (Popup, 34S, EV 73.8 MPH)
|
| Top of the 2nd over - 0 runs, 0 hits, 0 errors, 1 left on base; Bowie 2 - New Hampshire 2 |
| BOTTOM OF THE 2ND |
|
New Hampshire Fisher Cats batting - Pitching for Bowie Baysox : RHP Chris Anderson
|
|
Batting: RHB Butch Koglin
|
0-0: Called Strike 0-1: Ball 1-1: Foul Ball, location: 2F 1-2: Ball 2-2: Foul Ball, location: 2F 2-2: Foul Ball, location: 2F 2-2: SINGLE (Groundball, 56D, EV 97.5 MPH)
|
|
Batting: RHB Mike Strey
|
0-0: Ball 1-0: Fielders Choice at 2nd, 5-4 (Groundball, 56, EV 80.0 MPH)
|
|
Batting: RHB Kirk Seiffert
|
0-0: Fly out, F9 (Flyball, 9LD, EV 97.5 MPH)
|
|
Batting: LHB Yoshinari Nara
|
0-0: Ball Mike Strey steals 2nd base 1-0: Foul Ball, location: 2F 1-1: DOUBLE (Groundball, 3D, EV 106.2 MPH) Mike Strey scores
|
|
Batting: RHB Scott Travis
|
0-0: Called Strike 0-1: Ball 1-1: Ball 2-1: Ground out 4-3 (Groundball, 4, EV 96.2 MPH)
|
| Bottom of the 2nd over - 1 run, 2 hits, 0 errors, 1 left on base; Bowie 2 - New Hampshire 3 |
| TOP OF THE 3RD |
|
Bowie Baysox batting - Pitching for New Hampshire Fisher Cats : RHP Ben Knapp
|
|
Batting: LHB James Betron
|
0-0: Ball 1-0: Ball 2-0: Called Strike 2-1: Ground out 1-3 (Groundball, 15S, EV 65.0 MPH)
|
|
Batting: RHB Vince Jackson
|
0-0: Ball 1-0: Foul Ball, location: 2F 1-1: SINGLE (Groundball, 56D, EV 102.5 MPH)
|
|
Batting: LHB Raul Rojas
|
0-0: Called Strike 0-1: Ball 1-1: Foul Ball, location: 2F 1-2: Ball 2-2: Strikes out looking
|
|
Batting: RHB Edwin Ramos
|
0-0: Foul Ball, location: 2F 0-1: Ball 1-1: Ball 2-1: Ground out 4-3 (Groundball, 4, EV 101.2 MPH)
|
| Top of the 3rd over - 0 runs, 1 hit, 0 errors, 1 left on base; Bowie 2 - New Hampshire 3 |
| BOTTOM OF THE 3RD |
|
New Hampshire Fisher Cats batting - Pitching for Bowie Baysox : RHP Chris Anderson
|
|
Batting: LHB Chaim Huting
|
0-0: Called Strike 0-1: Ball 1-1: Ball 2-1: Ball 3-1: Called Strike 3-2: Foul Ball, location: 2F 3-2: Foul Ball, location: 2F 3-2: SINGLE (Groundball, 34D, EV 103.8 MPH)
|
|
Batting: SHB Jack Andrews
|
0-0: Ball 1-0: Ball 2-0: Foul Ball, location: 2F 2-1: Ball 3-1: Base on Balls Chaim Huting to second
|
|
Batting: LHB Rodrigo Briceno
|
0-0: Called Strike 0-1: Swinging Strike 0-2: Ball 1-2: Ball 2-2: Strikes out swinging
|
|
Batting: LHB Tso-lin Fen
|
0-0: Called Strike Chaim Huting is caught stealing 3rd base 2-5 Jack Andrews to second 0-1: Ball 1-1: Called Strike Jack Andrews steals 3rd base 1-2: Foul Ball, location: 2F 1-2: Ball 2-2: Foul Ball, location: 2F 2-2: Ball Wild Pitch! Jack Andrews scores 3-2: SINGLE (Groundball, 4MD, EV 103.8 MPH) (infield hit)
|
|
Batting: RHB Butch Koglin
|
0-0: Ball 1-0: Called Strike Tso-lin Fen is caught stealing 2nd base 2-4
|
| Bottom of the 3rd over - 1 run, 2 hits, 0 errors, 0 left on base; Bowie 2 - New Hampshire 4 |
| TOP OF THE 4TH |
|
Bowie Baysox batting - Pitching for New Hampshire Fisher Cats : RHP Ben Knapp
|
|
Batting: RHB Jordan Wallace
|
0-0: Ball 1-0: Ball 2-0: Ground out 5-3 (Groundball, 5S, EV 73.8 MPH)
|
|
Batting: LHB Jose Fierro
|
0-0: SINGLE (Groundball, 6M, EV 104.4 MPH) (infield hit)
|
|
Batting: RHB Travis Carter
|
0-0: Called Strike Jose Fierro is caught stealing 2nd base 2-4 0-1: SINGLE (Line Drive, 78S, EV 103.1 MPH)
|
|
Batting: SHB Hugo Moreno
|
0-0: Called Strike Travis Carter is caught stealing 2nd base 2-6
|
| Top of the 4th over - 0 runs, 2 hits, 0 errors, 0 left on base; Bowie 2 - New Hampshire 4 |
| BOTTOM OF THE 4TH |
|
New Hampshire Fisher Cats batting - Pitching for Bowie Baysox : RHP Chris Anderson
|
|
Batting: RHB Butch Koglin
|
0-0: Foul Ball, location: 2F 0-1: Foul Ball, location: 2F 0-2: Ball 1-2: Fly out, F8 (Flyball, 8RD, EV 96.9 MPH)
|
|
Batting: RHB Mike Strey
|
0-0: Ball 1-0: Ground out 1-3 (Groundball, 13S, EV 66.2 MPH)
|
|
Batting: RHB Kirk Seiffert
|
0-0: Swinging Strike 0-1: Ball 1-1: Foul Ball, location: 2F 1-2: Strikes out looking
|
| Bottom of the 4th over - 0 runs, 0 hits, 0 errors, 0 left on base; Bowie 2 - New Hampshire 4 |
| TOP OF THE 5TH |
|
Bowie Baysox batting - Pitching for New Hampshire Fisher Cats : RHP Ben Knapp
|
|
Batting: SHB Hugo Moreno
|
0-0: Ball 1-0: Foul Ball, location: 2F 1-1: Called Strike 1-2: Ball 2-2: Foul Ball, location: 2F 2-2: Fly out, F8 (Line Drive, 78M, EV 110.0 MPH)
|
|
Batting: LHB Andrew Erens
|
0-0: Ball 1-0: SOLO HOME RUN (Flyball, 7LD, EV 96.2 MPH), Distance : 341 ft
|
|
Batting: LHB James Betron
|
0-0: Foul Ball, location: 2F 0-1: Foul Ball, location: 2F 0-2: Ball 1-2: Fly out, F7 (Line Drive, 7LS, EV 88.8 MPH)
|
|
Batting: RHB Vince Jackson
|
0-0: Ball 1-0: Ball 2-0: Foul Ball, location: 2F 2-1: Ball 3-1: Base on Balls
|
|
Batting: LHB Raul Rojas
|
0-0: Foul Ball, location: 2F 0-1: Ball 1-1: Foul Ball, location: 2F 1-2: Strikes out swinging
|
| Top of the 5th over - 1 run, 1 hit, 0 errors, 1 left on base; Bowie 3 - New Hampshire 4 |
| BOTTOM OF THE 5TH |
|
New Hampshire Fisher Cats batting - Pitching for Bowie Baysox : RHP Chris Anderson
|
|
Batting: LHB Yoshinari Nara
|
0-0: Ball 1-0: Called Strike 1-1: Called Strike 1-2: Foul Ball, location: 2F 1-2: Ball 2-2: Ball 3-2: Base on Balls
|
|
Batting: RHB Scott Travis
|
0-0: Called Strike 0-1: Called Strike 0-2: Ball 1-2: Strikes out swinging
|
|
Batting: LHB Chaim Huting
|
0-0: Foul Ball, location: 2F 0-1: DOUBLE (Line Drive, 7LM, EV 104.4 MPH) Yoshinari Nara to third
|
|
Batting: SHB Jack Andrews
|
0-0: Ball 1-0: Ball 2-0: DOUBLE (Flyball, 89D, EV 114.4 MPH) Yoshinari Nara scores Chaim Huting scores
|
|
Pitching: LHP Joel Beery
|
|
|
Batting: LHB Rodrigo Briceno
|
0-0: Called Strike 0-1: Ball 1-1: Fly out, F2 (Popup, 23F, EV 88.8 MPH)
|
|
Batting: LHB Tso-lin Fen
|
0-0: Ball 1-0: Ground out 3-1 (Groundball, 34S, EV 93.1 MPH)
|
| Bottom of the 5th over - 2 runs, 2 hits, 0 errors, 1 left on base; Bowie 3 - New Hampshire 6 |
| TOP OF THE 6TH |
|
Bowie Baysox batting - Pitching for New Hampshire Fisher Cats : RHP Ben Knapp
|
|
Batting: RHB Edwin Ramos
|
0-0: Ball 1-0: Called Strike 1-1: Ground out 1-3 (Groundball, 13S, EV 73.1 MPH)
|
|
Batting: RHB Jordan Wallace
|
0-0: Called Strike 0-1: Ball 1-1: Swinging Strike 1-2: Strikes out swinging
|
|
Batting: LHB Jose Fierro
|
0-0: Ball 1-0: SINGLE (Groundball, 3D, EV 96.9 MPH)
|
|
Batting: RHB Travis Carter
|
0-0: Called Strike 0-1: Foul Ball, location: 2F Pickoff Throw to First - Out! 1-3 CS
|
| Top of the 6th over - 0 runs, 1 hit, 0 errors, 0 left on base; Bowie 3 - New Hampshire 6 |
| BOTTOM OF THE 6TH |
|
New Hampshire Fisher Cats batting - Pitching for Bowie Baysox : LHP Joel Beery
|
|
Batting: RHB Butch Koglin
|
0-0: Fly out, F6 (Line Drive, 6, EV 67.5 MPH)
|
|
Batting: RHB Mike Strey
|
0-0: Ball 1-0: Swinging Strike 1-1: Foul Ball, location: 2F 1-2: Strikes out swinging
|
|
Batting: RHB Kirk Seiffert
|
0-0: Ball 1-0: Called Strike 1-1: Ball 2-1: Swinging Strike 2-2: Ground out 4-3 (Groundball, 4, EV 90.0 MPH)
|
| Bottom of the 6th over - 0 runs, 0 hits, 0 errors, 0 left on base; Bowie 3 - New Hampshire 6 |
| TOP OF THE 7TH |
|
Bowie Baysox batting - Pitching for New Hampshire Fisher Cats : RHP Ben Knapp
|
|
Now in LF: Justin Powell
|
|
|
Batting: RHB Travis Carter
|
0-0: Ball 1-0: Swinging Strike 1-1: Called Strike 1-2: Ball 2-2: Fly out, F8 (Flyball, 89M, EV 95.6 MPH)
|
|
Batting: SHB Hugo Moreno
|
0-0: Called Strike 0-1: Called Strike 0-2: Strikes out swinging
|
|
Batting: LHB Andrew Erens
|
0-0: Called Strike 0-1: Ball 1-1: Called Strike 1-2: Foul Ball, location: 2F 1-2: Strikes out looking
|
| Top of the 7th over - 0 runs, 0 hits, 0 errors, 0 left on base; Bowie 3 - New Hampshire 6 |
| BOTTOM OF THE 7TH |
|
New Hampshire Fisher Cats batting - Pitching for Bowie Baysox : LHP Joel Beery
|
|
Batting: LHB Yoshinari Nara
|
0-0: Ball 1-0: Ball 2-0: Ball 3-0: Called Strike 3-1: Ground out U3 (Groundball, 3, EV 83.1 MPH)
|
|
Batting: RHB Scott Travis
|
0-0: Ball 1-0: Ball 2-0: Ball 3-0: SINGLE (Groundball, 5S, EV 76.2 MPH) (infield hit)
|
|
Batting: LHB Chaim Huting
|
0-0: Ball 1-0: Called Strike 1-1: Called Strike 1-2: SINGLE (Groundball, 5S, EV 68.8 MPH) (infield hit) Scott Travis to second
|
|
Batting: SHB Jack Andrews
|
0-0: Ball 1-0: Grounds into double play, 6-4-3 (Groundball, 6, EV 84.4 MPH)
|
| Bottom of the 7th over - 0 runs, 2 hits, 0 errors, 1 left on base; Bowie 3 - New Hampshire 6 |
| TOP OF THE 8TH |
|
Bowie Baysox batting - Pitching for New Hampshire Fisher Cats : RHP Ben Knapp
|
|
Pitching: RHP Bobby Leija
|
|
|
Now at 2B: Kirk Seiffert
|
|
|
Now at 3B: Tony Rosas
|
|
|
Batting: LHB James Betron
|
0-0: Called Strike 0-1: Ground out U3 (Groundball, 34S, EV 88.8 MPH)
|
|
Batting: RHB Vince Jackson
|
0-0: Ball 1-0: Ball 2-0: Called Strike 2-1: Ground out 4-3 (Groundball, 4S, EV 66.9 MPH)
|
|
Batting: LHB Raul Rojas
|
0-0: Fly out, F8 (Flyball, 89D, EV 95.6 MPH)
|
| Top of the 8th over - 0 runs, 0 hits, 0 errors, 0 left on base; Bowie 3 - New Hampshire 6 |
| BOTTOM OF THE 8TH |
|
New Hampshire Fisher Cats batting - Pitching for Bowie Baysox : LHP Joel Beery
|
|
Batting: LHB Rodrigo Briceno
|
0-0: Ball 1-0: Called Strike 1-1: Ball 2-1: SINGLE (Groundball, 34D, EV 108.1 MPH)
|
|
Batting: RHB Justin Powell
|
0-0: Bunt missed! 0-1: Ball 1-1: Ball 2-1: Sac Bunt to 15S - play at first, batter OUT! 1-4 Rodrigo Briceno to second
|
|
Batting: RHB Butch Koglin
|
0-0: Swinging Strike 0-1: Ball 1-1: Foul Ball, location: 2F 1-2: Foul Ball, location: 2F 1-2: Ball 2-2: Ball 3-2: Foul Ball, location: 2F 3-2: Fly out, F8 (Flyball, 78M, EV 88.8 MPH)
|
|
Batting: RHB Mike Strey
|
0-0: Ball 1-0: Foul Ball, location: 2F 1-1: Foul Ball, location: 2F 1-2: Ground out 4-3 (Groundball, 34, EV 104.4 MPH)
|
| Bottom of the 8th over - 0 runs, 1 hit, 0 errors, 1 left on base; Bowie 3 - New Hampshire 6 |
| TOP OF THE 9TH |
|
Bowie Baysox batting - Pitching for New Hampshire Fisher Cats : RHP Bobby Leija
|
|
Pitching: RHP Mel Schultz
|
|
|
Batting: RHB Edwin Ramos
|
0-0: Called Strike 0-1: Called Strike 0-2: Strikes out swinging
|
|
Pinch Hitting: LHB Wes Goscinski
|
0-0: Foul Ball, location: 2F 0-1: Ball 1-1: Hit by Pitch
|
|
Batting: LHB Jose Fierro
|
0-0: Ball 1-0: SINGLE (Groundball, 6MD, EV 81.2 MPH) (infield hit) Wes Goscinski to second
|
|
Batting: RHB Travis Carter
|
0-0: Called Strike 0-1: Ball 1-1: Called Strike 1-2: Strikes out looking
|
|
Pinch Hitting: LHB Pat Shaddock
|
0-0: Ball 1-0: Ball 2-0: Foul Ball, location: 2F 2-1: Foul Ball, location: 2F 2-2: Foul Ball, location: 2F 2-2: Fly out, F6 (Popup, P, EV 86.9 MPH)
|
| Top of the 9th over - 0 runs, 1 hit, 0 errors, 2 left on base; Bowie 3 - New Hampshire 6 |
|